 Dungeon Crawl Stone Soup version 0.30-a0-358-g0d69a1922f (webtiles) character file.

Game seed: 4058824406039663476

42322 ytrimaz the Peltast (level 14, 0/89 (110) HPs)
             Began as a Formicid Fighter on Nov 10, 2022.
             Was a High Priest of Hepliaklqana.
             Slain by a wolf spider (8 damage)
             ... on level 5 of the Lair of Beasts.
             The game lasted 00:30:19 (19227 turns).

ytrimaz the Peltast (Formicid Fighter)             Turns: 19227, Time: 00:30:20

HP:   0/89 (110)    AC: 26    Str: 28    XL:     14   Next: 54%
MP:   14/14         EV:  6    Int:  8    God:    Hepliaklqana [*****.]
Gold: 1207          SH: 26    Dex: 17    Spells: 13/13 levels left

rFire   + + .      SeeInvis +    w - +0 great sword
rCold   + . .      Faith    .    p - +0 tower shield
rNeg    + . .      Spirit   .    u - +4 plate armour
rPois   +          Reflect  +    (helmet unavailable)
rElec   +          Harm     .    M - +1 cloak of Delightful Salvation {rF+ rN+}
rCorr   +          Rampage  .    K - +1 pair of gloves of the Barber Surgeon {Slay+4}
Will    +....                    s - +2 pair of boots
Stlth   ..........               d - amulet of reflection
HPRegen 0.34/turn                J - +6 ring of strength
MPRegen 0.14/turn                t - +4 ring of protection

@: mighty, resistant, heavily drained
A: reduced essence, permanent stasis, dig shafts and tunnels, antennae 3, four
strong arms
a: Dig, Shaft Self, Renounce Religion, Recall Ancestor, Ancestor Identity,
Transference, Idealise


You were on level 5 of the Lair of Beasts.
You worshipped Hepliaklqana.
Hepliaklqana was extremely pleased with you.
You visited 4 branches of the dungeon, and saw 21 of its levels.
You also visited: Gauntlet.

You collected 2706 gold pieces.
You spent 1499 gold pieces at shops.


Innate Abilities, Weirdness & Mutations

Your life essence is reduced to manifest your ancestor. (-10% HP)
You cannot be hasted, slowed, berserked, paralysed or teleported.
You can dig through walls and to a lower floor.
You have a pair of large antennae on your head. (SInv)
Your four strong arms can wield two-handed weapons with a shield.


   Skills:
 - Level 15.1 Fighting
 - Level 15.0 Long Blades
 - Level 3.2 Armour
 + Level 17.9 Shields


You had 13 spell levels left.
You didn't know any spells.
Your spell library contained the following spells:

 Spells                   Type           Power      Damage    Failure   Level
 Apportation              Tloc           0%         N/A       100%        1
 Beastly Appendage        Tmut           0%         N/A       100%        1
 Necrotise                Necr           0%         1d4       100%        1
 Slow                     Hex            0%         N/A       100%        1
 Sting                    Tmut/Pois      0%         1d3       100%        1
 Summon Small Mammal      Summ           0%         N/A       100%        1
 Cigotuvi's Dreadful Rot  Necr/Pois/Air  0%         N/A       100%        2
 Poisonous Vapours        Pois/Air       0%         N/A       100%        2
 Wereblood                Tmut           0%         N/A       100%        2
 Confusing Touch          Hex            0%         N/A       100%        3
 Gell's Gravitas          Tloc           0%         N/A       100%        3
 Ignite Poison            Fire/Tmut/Pois 0%         N/A       100%        3
 Inner Flame              Hex/Fire       0%         N/A       100%        3
 Lesser Beckoning         Tloc           0%         N/A       100%        3
 Mephitic Cloud           Conj/Pois/Air  0%         N/A       100%        3
 Spider Form              Tmut/Pois      0%         N/A       100%        3
 Stone Arrow              Conj/Erth      0%         3d7       100%        3
 Teleport Other           Tloc           0%         N/A       100%        3
 Vampiric Draining        Necr           0%         2d6       100%        3
 Animate Armour           Summ/Erth      0%         N/A       100%        4
 Dispel Undead            Necr           0%         3d6       100%        4
 Flame Wave               Conj/Fire      0%         2d4       100%        4
 Olgreb's Toxic Radiance  Pois           0%         N/A       100%        4
 Sticky Flame             Conj/Fire      0%         2d3       100%        4
 Blade Hands              Tmut           0%         N/A       100%        5
 Borgnjor's Vile Clutch   Necr/Erth      0%         N/A       100%        5
 Fireball                 Conj/Fire      0%         3d3       100%        5
 Iskenderun's Battlesphe  Conj           0%         2d6       100%        5
 Summon Forest            Summ/Tloc      0%         N/A       100%        5
 Summon Mana Viper        Hex/Summ       0%         N/A       100%        5
 Conjure Ball Lightning   Conj/Air       0%         3x3d6     100%        6
 Death Channel            Necr           0%         N/A       100%        6
 Eringya's Noxious Bog    Tmut/Pois      0%         N/A       100%        6
 Iron Shot                Conj/Erth      0%         9d1       100%        6
 Statue Form              Tmut/Erth      0%         N/A       100%        6
 Summon Cactus Giant      Summ           0%         N/A       100%        6
 Orb of Destruction       Conj           0%         9d5       100%        7
 Lehudib's Crystal Spear  Conj/Erth      0%         10d2      100%        8
 Shatter                  Erth           0%         3d5*      100%        9

Inventory:

Hand Weapons
 a - a +0 long sword
 w - a +0 great sword (weapon)
   (You found it on level 5 of the Dungeon)
Missiles
 l - 30 poisoned darts
 m - 4 silver javelins
 B - 9 boomerangs
 E - 12 javelins
Armour
 p - a +0 tower shield (worn)
   (You found it on level 3 of the Dungeon)
 s - a +2 pair of boots (worn)
   (You bought it in a shop on level 3 of the Dungeon)
 u - a +4 plate armour (worn)
   (You found it on level 5 of the Dungeon)
 K - the +1 pair of gloves of the Barber Surgeon (worn) {Slay+4}
   (You found it in a Gauntlet)

   Slay:      It affects your accuracy & damage with ranged weapons and melee
   (+4).
 M - the +1 cloak of Delightful Salvation (worn) {rF+ rN+}
   (You found it in a Gauntlet)

   rF:        It protects you from fire.
   rN:        It protects you from negative energy.
Jewellery
 d - an amulet of reflection (around neck)
   (You bought it in a shop on level 12 of the Dungeon)
 h - an amulet of guardian spirit
   (You found it on level 2 of the Dungeon)
 t - a +4 ring of protection (right hand)
   (You found it on level 3 of the Lair of Beasts)
 H - a ring of ice
   (You took it off Fannar on level 3 of the Lair of Beasts)
 J - a +6 ring of strength (left hand)
   (You found it on level 11 of the Dungeon)
Wands
 A - a wand of digging (2)
   (You found it on level 7 of the Dungeon)
 C - a wand of flame (34)
   (You found it on level 7 of the Dungeon)
 D - a wand of iceblast (11)
   (You found it on level 9 of the Dungeon)
 F - a wand of paralysis (5)
   (You took it off a gnoll on level 10 of the Dungeon)
 I - a wand of acid (2) (quivered)
   (You found it on level 5 of the Lair of Beasts)
Scrolls
 e - a scroll of magic mapping
 g - 4 scrolls of amnesia
 j - a scroll of poison
 o - 2 scrolls of brand weapon
 q - a scroll of silence
 v - 5 scrolls of fog
 y - a scroll of torment
 z - a scroll of identify
 L - a scroll of enchant weapon
 N - a scroll of immolation
Potions
 f - 2 potions of attraction
 i - 2 potions of cancellation
 n - 4 potions of flight
 x - 3 potions of might
 G - 2 potions of brilliance
Miscellaneous
 k - a lightning rod (4/4)
   (You found it on level 9 of the Dungeon)

Dungeon Overview and Level Annotations

Branches:
Dungeon (14/15) Zot: 25362  Temple (1/1) D:7 Zot: 5798    Lair (5/5) D:10 Zot: 24699
 Shoals (1/4) Lair:2 Zot: 5998  Spider (0/4) Lair:2        Slime (0/5) Lair:4
    Orc (0/2) D:10        Gauntlet (visited)
 Vaults: D:13-14

Altars:
Ashenzari
Cheibriados
Dithmenos
Elyvilon
Fedhas
Gozag
Hepliaklqana
Kikubaaqudgha
Makhleb
Nemelex Xobeh
Okawaru
Qazlal
Ru
Sif Muna
Trog
Uskayaw
Vehumet
Wu Jian
Xom
Yredelemnul
Zin
The Shining One
Jiyva

Shops:
D:3 [(**   D:12 =

Annotations:
Lair:2 3 runed translucent doors, Snarg's ghost, journeyman VSFi; retardedninja's ghost, journeyman HOFi

........F..##.§§##{§..##...##....
.._....lP...##.§§{§§..#...##.....
.............##§§##§.##..##......
........D.....##§§#{.#.)##†...†..
.......###.....##.####..#....###.
......s.{###....#S†####....###{##
......l.S..#...)Ds{..##.?###{{ #
........P.....##s#{...####. #
...............#@#.PP...... #
...............###..P...... #
.............###{#....####{ #
...........###{ ##..##{ { #
.......P.### { #### # .......###
{ { { #P .......P. { .P .#.....P.
{ PP ........P { { .


You could see a ten-headed hydra (corroded), a wolf spider (corroded), a
guardian serpent and a redback.


Message History

* * * LOW HITPOINT WARNING * * *
You are lethally poisoned!
The wolf spider poisons you! 😱 HP[-2]
You take 2 damage, and now have 18/92 hp.
Unknown command.
You retract your mandibles.
* * * LOW HITPOINT WARNING * * *
You feel extremely sick. 😱 HP[-8]
You take 8 damage, and now have 10/92 hp.
Unknown command.
You feel better. You block the wolf spider's attack.
The wolf spider bites you but does no damage. 😱 HP[+9]
You regained 9 hp, and now have 19/92 hp.
Unknown command.
Okay, then. 😱 HP[+1] Unknown command.
The wolf spider hits you but does no damage.
You block the wolf spider's attack.
Shunnar is still trapped in memory!
Unknown command.
Okay, then.
Unknown command.
Aiming: Paralyse
Press: ? - help, Q - select action, (/) - cycle Shift-Dir - straight line, f - wolf spider
Aim: a wolf spider (purple smoke, moderately wounded, chance to affect: 49%)
Okay, then.
The wolf spider attacks as you move away!
You block the wolf spider's attack. x2
You see here a water moccasin corpse.
Aiming: Paralyse
Press: ? - help, Q - select action, (/) - cycle Shift-Dir - straight line, f - wolf spider
Aim: a wolf spider (purple smoke, moderately wounded, chance to affect: 49%)
The wolf spider resists with some effort.
You block the wolf spider's attack. x2 😱 HP[+1] Unknown command.
Unknown command.
The wolf spider attacks as you move away!
You block the wolf spider's attack.
The wolf spider bites you but does no damage.
The redback attacks as you move away! You block the redback's attack.
The redback bites you but does no damage.
You block the wolf spider's attack. x2; The wolf spider hits you!
* * * LOW HITPOINT WARNING * * *
The wolf spider bites you but does no damage. 😱 HP[-8]
You take 8 damage, and now have 13/92 hp.
Unknown command.
You extend your mandibles.
You dig through the rock wall.
You feel drained. The redback attacks as you move away!
You block the redback's attack. 😱 HP[+1]
You now have 89 max hp (-3).
Unknown command.
Unknown command.
Unknown command.
It was a potion of resistance.
You feel protected. You block the wolf spider's attack. x2
You feel very mighty all of a sudden.
The wolf spider hits you but does no damage.
You block the wolf spider's attack.
Unknown command.
Aiming: Corrosive Bolt
Press: ? - help, Q - select action, (/) - cycle Shift-Dir - straight line, f - ten-headed hydra, p - wolf spider
Aim: a ten-headed hydra (90% to hit)
The bolt of acid misses the wolf spider.
The bolt of acid misses the ten-headed hydra.
The wolf spider barely misses you. You block the wolf spider's attack.
The wolf spider hits you.
* * * LOW HITPOINT WARNING * * *
The wolf spider bites you but does no damage. 😱 HP[-3]
You take 3 damage, and now have 11/89 hp.
Unknown command.
Aiming: Corrosive Bolt
Press: ? - help, Q - select action, (/) - cycle Shift-Dir - straight line, f/p - ten-headed hydra
Aim: a ten-headed hydra (90% to hit)
The bolt of acid hits the wolf spider!
The acid corrodes the wolf spider!
The bolt of acid hits the ten-headed hydra!
The acid corrodes the ten-headed hydra!
You block the wolf spider's attack. x2
Unknown command.
Okay, then.
Unknown command.
You slice the wolf spider!! The wolf spider hits you.
* * * LOW HITPOINT WARNING * * *
The wolf spider bites you but does no damage.
You block the wolf spider's attack.
The wolf spider barely misses you. 😱 HP[-4]
You take 4 damage, and now have 7/89 hp.
You barely miss the wolf spider.
The wolf spider hits you but does no damage.
The wolf spider bites you!
You die...

Skill      XL: |  1  2  3  4  5  6  7  8  9 10 11 12 13 14 |
---------------+-------------------------------------------+-----
Long Blades    | 3 4 6 7 8 10 13 15 | 15.0
Fighting       | 5 9 12 15 | 15.1
Shields        | 9 12 15 17 | 17.9
Armour         | |  3.2

Action                   |  1- 3 |  4- 6 |  7- 9 | 10-12 | 13-15 || total
-------------------------+-------+-------+-------+-------+-------++-------
Melee: Long sword        |   104 |    57 |   169 |       |       ||   330
       Great sword       |       |       |   103 |   415 |   416 ||   934
Throw: Dart              |       |       |     4 |       |     1 ||     5
Invok: Ancestor Identity |       |       |       |     1 |       ||     1
       Recall Ancestor   |       |       |       |     2 |     1 ||     3
       Ancestor Life: Ba |       |       |       |     1 |       ||     1
 Abil: Shaft Self        |       |       |       |     1 |       ||     1
       Dig               |       |       |       |       |    10 ||    10
Evoke: Wand              |       |       |       |     5 |     6 ||    11
  Use: Scroll            |     5 |     4 |     3 |    14 |     4 ||    30
       Potion            |       |     4 |     3 |     1 |    11 ||    19
 Stab: Distracted        |       |       |       |     2 |     8 ||    10
       Invisible         |       |       |       |       |     1 ||     1
Armor: Scale mail        |    59 |    19 |    51 |       |       ||   129
       Plate armour      |       |       |    91 |   256 |   232 ||   579
       Skin              |       |       |       |       |    35 ||    35
Dodge: Dodged            |    63 |    19 |    87 |    90 |   106 ||   365
Block: Buckler           |    29 |     9 |    69 |   162 |   149 ||   418
       Reflection        |       |       |       |     1 |     1 ||     2
       Tower shield      |       |       |       |       |   411 ||   411

Levels and vault maps discovered:
D:1:      amcnicky_arrival_choice, layout_basic,
          nicolae_ecumenical_snake_handling, kennysheep_doodads
D:2:      layout_basic, minmay_pentomino_z4
D:3:      layout_basic, serial_shops, nicolae_shop_bloodbath_and_beyond, shop,
          nicolae_shop_statue_plus, shop, nicolae_shop_behind_doors,
          uniq_crazy_yiuf_cottage, uniq_sigmund, uniq_grinder
D:4:      layout_loops_ring
D:5:      layout_basic, mainiacjoe_overflow_alcove_1, kennysheep_little_box,
          serial_glass, glass_columns_c, glass_columns_a, feat_on_display,
          minmay_strange_pillars, item_on_display_a
D:6:      layout_cave_pools
D:7:      gammafunk_steamed_eel, layout_loops_ring,
          nicolae_tso_besieged_by_evil, minmay_temple_entry_arrows
D:8:      layout_gridville, lemuel_blue_sif_altar
D:9:      layout_small_grid, gammafunk_temple_overflow_pools, uniq_gastronok,
          uniq_joseph
D:10:     layout_long_grid, mainiacjoe_overflow_cross_hatched,
          lemuel_tele_altar, lair_entry_dummy, lemuel_flame_loot_1, uniq_urug
D:11:     layout_basic, uniq_josephine
D:12:     layout_roguey, minmay_misc_feat_hallway, nicolae_stop_n_shop_2
D:13:     layout_layer_cave, david_vaults_4
D:14:     layout_long_grid, nicolae_vehumet_radiance, uniq_louise
Temple:   eino_narrow_crystal_temple
Lair:1:   layout_hall_layers, cheibrodos_lair_caveside_slide,
          grunt_megastairs_3, lemuel_fruit_tree
Lair:2:   minmay_guarded_unrand_snakebite, layout_cave_pods,
          minmay_shoals_entry_beasts, nicolae_spider_entry_orb_guardian,
          nicolae_volcano_entry_vermiform, gammafunk_ghost_cemetery,
          lemuel_fruit_fields
Lair:3:   layout_cave_pods, beast_lair_carwin_1, serial_bayou_shore_b,
          uniq_fannar
Lair:4:   layout_cave_pods, slime_entry_1, gauntlet_entry_generic,
          grunt_forest_stairs_basic, nicolae_quartered_pool_super,
          grunt_forest_large_clearings
Lair:5:   hangedman_lair_tendril_chambers, layout_cave_pods, basic_altar,
          st_stairs_9
Shoals:1: layout_shoals, nicolae_take_the_stairs

Notes
Turn   | Place    | Note
-------+----------+-------------------------------------------
     0 | D:1      | ytrimaz the Formicid Fighter began the quest for the Orb.
     0 | D:1      | Reached XP level 1. HP: 18/18 MP: 1/1
     0 | D:1      | magus.rc [v1.9.6]
    79 | D:1      | Reached XP level 2. HP: 24/24 MP: 2/2
   155 | D:1      | Reached skill level 3 in Long Blades
   336 | D:1      | Found a faded altar of an unknown god.
   389 | D:1      | Reached XP level 3. HP: 25/29 MP: 3/3
   815 | D:2      | You pick up a book of Changes and begin reading...
   815 | D:2      | You add the spells Beastly Appendage, Wereblood and Spider
                  | Form to your library.
   938 | D:2      | You pick up a book of Debilitation and begin reading...
   938 | D:2      | You add the spells Slow, Vampiric Draining and Confusing
                  | Touch to your library.
  1414 | D:2      | Reached skill level 4 in Long Blades
  1414 | D:2      | Reached XP level 4. HP: 33/35 MP: 4/4
  1695 | D:3      | Reached XP level 5. HP: 21/41 MP: 2/5
  1798 | D:3      | Reached skill level 5 in Long Blades
  1918 | D:3      | Noticed Grinder
  1926 | D:3      | Killed Grinder
  1927 | D:3      | Reached skill level 6 in Long Blades
  1927 | D:3      | Reached XP level 6. HP: 33/47 MP: 3/6
  1939 | D:3      | Found Taint's General Store.
  1994 | D:3      | Bought a scroll of brand weapon for 133 gold pieces
  2049 | D:3      | Found Sesopp's Assorted Antiques.
  2052 | D:3      | Bought a scroll labelled QIUNLAVEMO for 25 gold pieces
  2052 | D:3      | Bought a scroll labelled EDIAMN MOPEE for 25 gold pieces
  2117 | D:3      | Found Zajyeg's Weapon Shoppe.
  2137 | D:3      | You pick up a book of Cantrips and begin reading...
  2137 | D:3      | You add the spells Necrotise, Summon Small Mammal and
                  | Apportation to your library.
  2143 | D:3      | Acquired 1034 gold pieces
  2169 | D:3      | Bought a +2 pair of gloves for 231 gold pieces
  2193 | D:3      | Bought a pair of runed boots for 187 gold pieces
  2414 | D:3      | Found Reusag's Book Shop.
  2425 | D:3      | Noticed Sigmund
  2431 | D:3      | Killed Sigmund
  2432 | D:3      | Reached skill level 7 in Long Blades
  2432 | D:3      | Reached XP level 7. HP: 52/52 MP: 7/7
  2530 | D:3      | Found Feomp's Antique Armour Shop.
  2538 | D:3      | Bought a masterwork scale mail for 252 gold pieces
  2538 | D:3      | Identified the +0 scale mail of Dithmenos's Esteem {rC+}
                  | (You bought it in a shop on level 3 of the Dungeon)
  2549 | D:3      | Bought a runed scale mail for 196 gold pieces
  2764 | D:4      | You pick up a book of Armaments and begin reading...
  2764 | D:4      | You add the spells Stone Arrow, Animate Armour and
                  | Lehudib's Crystal Spear to your library.
  3219 | D:4      | Reached skill level 8 in Long Blades
  3453 | D:5      | Entered Level 5 of the Dungeon
  3966 | D:5      | Noticed a yak
  3966 | D:5      | Noticed a yak
  3966 | D:5      | Noticed a yak
  3966 | D:5      | Noticed a yak
  3972 | D:5      | Killed a yak
  3973 | D:5      | Reached XP level 8. HP: 58/58 MP: 8/8
  3977 | D:5      | Killed a yak
  3978 | D:5      | Reached skill level 9 in Long Blades
  3983 | D:5      | Killed a yak
  3987 | D:5      | Killed a yak
  3988 | D:5      | Reached skill level 10 in Long Blades
  4200 | D:5      | Found a hazy altar of Hepliaklqana.
  4275 | D:5      | Reached XP level 9. HP: 21/64 MP: 1/9
  4439 | D:5      | You pick up a book of Decay and begin reading...
  4439 | D:5      | You add the spells Cigotuvi's Dreadful Rot, Dispel Undead
                  | and Death Channel to your library.
  4588 | D:5      | Found a glowing silver altar of Zin.
  4935 | D:6      | Reached skill level 11 in Long Blades
  5163 | D:6      | You pick up a book of the Spheres and begin reading...
  5163 | D:6      | You add the spells Iskenderun's Battlesphere, Fireball,
                  | Conjure Ball Lightning and Orb of Destruction to your
                  | library.
  5517 | D:6      | Reached skill level 12 in Long Blades
  5777 | D:7      | Found a glowing golden altar of the Shining One.
  6019 | D:7      | Reached skill level 13 in Long Blades
  6019 | D:7      | Reached XP level 10. HP: 50/70 MP: 8/10
  6275 | D:7      | Identified the +1 robe of the Minstrel {rF- Str+6 Dex+4}
  6290 | D:7      | Found a staircase to the Ecumenical Temple.
  6366 | Temple   | Entered the Ecumenical Temple
  6674 | D:5      | Became a worshipper of Hepliaklqana the Forgotten
  6817 | D:7      | Found a transporter.
  6831 | D:7      | Found a transporter.
  7514 | D:7      | Acquired 562 gold pieces
  7535 | D:8      | Reached skill level 14 in Long Blades
  7837 | D:8      | Noticed a two-headed ogre
  7844 | D:8      | Killed a two-headed ogre
  7898 | D:8      | Reached * piety under Hepliaklqana
  8018 | D:8      | Found a shimmering blue altar of Sif Muna.
  8620 | D:9      | Reached skill level 15 in Long Blades
  8771 | D:9      | Noticed a two-headed ogre
  8783 | D:9      | Killed a two-headed ogre
  8784 | D:9      | Reached skill level 5 in Fighting
  8784 | D:9      | Reached XP level 11. HP: 58/72 MP: 8/11
  8892 | D:9      | Reached skill level 6 in Fighting
  8940 | D:9      | You pick up a book of the Wilderness and begin reading...
  8940 | D:9      | You add the spells Summon Forest, Summon Mana Viper and
                  | Summon Cactus Giant to your library.
  9089 | D:9      | Reached ** piety under Hepliaklqana
  9126 | D:9      | Reached skill level 5 in Shields
  9139 | D:9      | Reached skill level 7 in Fighting
  9148 | D:9      | Reached skill level 6 in Shields
  9176 | D:9      | Remembered your ancestor Shunnar as a battlemage
  9459 | D:9      | Noticed Joseph
  9470 | D:9      | Killed Joseph
  9578 | D:9      | Found a broken altar of Ashenzari.
  9578 | D:9      | Found a shimmering altar of Xom.
  9604 | D:9      | Noticed Gastronok
  9622 | D:9      | Killed Gastronok
  9623 | D:9      | Reached skill level 8 in Fighting
  9623 | D:9      | Reached skill level 7 in Shields
  9858 | D:9      | You pick up a book of Iron and begin reading...
  9858 | D:9      | You add the spells Blade Hands and Iron Shot to your
                  | library.
  9965 | D:10     | Entered Level 10 of the Dungeon
 10000 | D:10     | Found an opulent altar of Gozag.
 10060 | D:10     | Noticed Urug
 10073 | D:10     | HP: 12/77 [Urug/+3 glaive (8)]
 10074 | D:10     | Killed Urug
 10075 | D:10     | Reached skill level 8 in Shields
 10283 | D:10     | Found a staircase to the Orcish Mines.
 10302 | D:10     | Found a sparkling altar of Nemelex Xobeh.
 10651 | D:10     | Reached skill level 9 in Fighting
 10781 | D:10     | Reached skill level 9 in Shields
 10886 | D:10     | Found a staircase to the Lair.
 11232 | D:11     | Noticed Josephine
 11251 | D:11     | HP: 17/80 [Josephine/+0 dagger of distortion (12)]
 11253 | D:11     | HP: 5/78 [Josephine/ghostly fireball (8)]
 11267 | D:11     | You fall into a shaft and drop 3 floors!
 11479 | D:14     | Reached *** piety under Hepliaklqana
 11487 | D:14     | Noticed a four-headed hydra
 11488 | D:14     | Identified the +3 great mace "Xatod" {vamp, Contam rN+++
                  | Int+4}
 11492 | D:14     | Killed a four-headed hydra
 11493 | D:14     | Reached XP level 12. HP: 84/86 MP: 12/12
 11539 | D:12     | Found Esotuy's Jewellery Boutique.
 11542 | D:12     | Bought an amulet of reflection for 450 gold pieces
 11605 | D:12     | Reached skill level 10 in Shields
 11804 | D:12     | Reached skill level 10 in Fighting
 12121 | D:11     | Reached skill level 11 in Shields
 12351 | D:11     | You add the spells Sting, Poisonous Vapours and Olgreb's
                  | Toxic Radiance to your library.
 12384 | D:11     | Killed Josephine
 12385 | D:11     | Reached skill level 11 in Fighting
 13056 | D:12     | Reached **** piety under Hepliaklqana
 13080 | D:12     | Noticed a skeletal warrior
 13080 | D:12     | Noticed a skeletal warrior
 13080 | D:12     | Noticed a skeletal warrior
 13080 | D:12     | Noticed a skeletal warrior
 13177 | Lair:1   | Entered Level 1 of the Lair of Beasts
 13211 | Lair:1   | Reached skill level 12 in Shields
 13413 | Lair:1   | You pick up a book of Displacement and begin reading...
 13413 | Lair:1   | You add the spells Lesser Beckoning, Gell's Gravitas and
                  | Teleport Other to your library.
 13898 | Lair:2   | Found a runed translucent gate.
 14034 | Lair:2   | Found a staircase to the Shoals.
 14131 | Lair:2   | Found a runed translucent gate.
 14132 | Lair:2   | Found a runed translucent gate.
 14133 | Lair:2   | Noticed retardedninja's ghost (journeyman HOFi)
 14133 | Lair:2   | Noticed retardedninja's ghost (journeyman HOFi)
 14133 | Lair:2   | Noticed Snarg's ghost (journeyman VSFi)
 14215 | Lair:2   | Reached skill level 12 in Fighting
 14215 | Lair:2   | Reached XP level 13. HP: 65/97 MP: 13/13
 14271 | Lair:2   | Reached skill level 13 in Shields
 14361 | Lair:2   | Noticed a four-headed hydra
 14367 | Lair:2   | Killed a four-headed hydra
 14723 | Lair:2   | Found the +8 whip "Snakebite" {venom, curare, rPois}
 14952 | Lair:2   | Reached skill level 14 in Shields
 15112 | Lair:2   | Reached skill level 13 in Fighting
 15116 | Lair:2   | Found a hole to the Spider Nest.
 15476 | Shoals:1 | Entered Level 1 of the Shoals
 15551 | Lair:3   | Noticed Fannar
 15567 | Lair:3   | Killed Fannar
 15770 | Lair:3   | Reached ***** piety under Hepliaklqana
 16414 | Lair:4   | Found a gate leading to a gauntlet.
 16420 | Gauntlet | Entered a Gauntlet
 16420 | Gauntlet | Found a transporter.
 16420 | Gauntlet | Found a transporter.
 16429 | Gauntlet | Found a transporter.
 16431 | Gauntlet | Found a large runed translucent door.
 16432 | Gauntlet | Found a large runed translucent door.
 16433 | Gauntlet | Found a large runed translucent door.
 16433 | Gauntlet | Found a large runed translucent door.
 16433 | Gauntlet | Found a runed translucent door.
 16433 | Gauntlet | Found a runed translucent door.
 16434 | Gauntlet | Found a large runed translucent door.
 16435 | Gauntlet | Found a large runed translucent door.
 16436 | Gauntlet | Found a large runed translucent door.
 16436 | Gauntlet | Found a large runed translucent door.
 16437 | Gauntlet | Found a runed translucent gate.
 16437 | Gauntlet | Found a runed translucent gate.
 16437 | Gauntlet | Found a runed translucent gate.
 16439 | Gauntlet | Found a transporter.
 16448 | Gauntlet | Found a large runed translucent door.
 16448 | Gauntlet | Found a large runed translucent door.
 16449 | Gauntlet | Found a large runed translucent door.
 16450 | Gauntlet | Found a large runed translucent door.
 16454 | Gauntlet | Found a transporter.
 16482 | Gauntlet | Found a transporter.
 16495 | Gauntlet | Found a transporter.
 16501 | Gauntlet | Found a transporter.
 16515 | Gauntlet | Found a transporter.
 16520 | Gauntlet | Found a transporter.
 16524 | Gauntlet | Found a transporter.
 16524 | Gauntlet | Found a transporter.
 16535 | Gauntlet | Found a large runed translucent door.
 16536 | Gauntlet | Found a large runed translucent door.
 16537 | Gauntlet | Found a large runed translucent door.
 16537 | Gauntlet | Found a large runed translucent door.
 16633 | Gauntlet | HP: 35/148 [spectral centaur warrior (6)]
 16643 | Gauntlet | HP: 36/147 [wolf spider zombie (3)]
 16709 | Gauntlet | Identified the +1 pair of gloves of the Barber Surgeon
                  | {Slay+4}
 16871 | Gauntlet | Reached skill level 15 in Shields
 16905 | Gauntlet | Identified the +6 flail "Jocwedgh" {speed, Will+}
 16905 | Gauntlet | Noticed a minotaur
 16909 | Gauntlet | HP: 20/100 [minotaur/the +6 flail "Jocwedgh" {speed, Will+}
                  | (25)]
 16915 | Gauntlet | Killed a minotaur
 17118 | Gauntlet | Identified the +3 scale mail of Reason {rCorr Str+4 Dex+5}
 17119 | Gauntlet | You add the spells Ignite Poison, Borgnjor's Vile Clutch,
                  | Statue Form, Eringya's Noxious Bog and Shatter to your
                  | library.
 17119 | Gauntlet | Got Fefo Zia's Spellbook of the Lithosphere and
                  | Metamorphosis
 17124 | Gauntlet | Identified the +1 ring mail of the Lost Path {rPois MP-9
                  | SInv}
 17130 | Gauntlet | Identified the +1 cloak of Delightful Salvation {rF+ rN+}
 17131 | Gauntlet | Got the Omnibus of Silt and Ozone
 17199 | Lair:4   | Reached skill level 14 in Fighting
 17521 | Lair:4   | Reached skill level 15 in Fighting
 17521 | Lair:4   | Reached XP level 14. HP: 62/110 MP: 14/14
 17707 | Lair:4   | You pick up a book of Flames and begin reading...
 17707 | Lair:4   | You add the spells Inner Flame, Sticky Flame and Flame Wave
                  | to your library.
 17859 | Lair:4   | Found a staircase to the Slime Pits.
 17859 | Lair:4   | Found a viscous altar of Jiyva.
 18173 | Lair:4   | Reached skill level 16 in Shields
 18584 | Lair:5   | Entered Level 5 of the Lair of Beasts
 18625 | Lair:5   | Reached skill level 17 in Shields
 19179 | Lair:5   | Found a blossoming altar of Fedhas.
 19205 | Lair:5   | HP: 21/98 [poisoned by a cane toad]
 19212 | Lair:5   | HP: 18/92 [wolf spider (2)]
 19220 | Lair:5   | HP: 13/92 [wolf spider (8)]
 19226 | Lair:5   | HP: 7/89 [wolf spider (4)]
 19227 | Lair:5   | Slain by a wolf spider

Vanquished Creatures
  Gastronok (D:9)
  A minotaur (Gauntlet)
  Josephine (D:11)
  A hydra (Lair:2)
  Fannar (Lair:3)
  A catoblepas (Lair:4)
  2 two-headed ogres
  Urug (D:10)
  A spriggan (Lair:4)
  A lindwurm (Lair:2)
  A wolf spider zombie (Gauntlet)
  An ugly thing (D:12)
  2 manticores
  A cyclops (D:11)
  A spectral centaur (Gauntlet)
  2 black mambas
  Joseph (D:9)
  A gargoyle (D:12)
  3 cane toads
  A rime drake (Lair:2)
  6 komodo dragons
  A wind drake (Lair:2)
  3 slime creatures (D:12)
  Grinder (D:3)
  3 hornets
  6 blink frogs (Lair:4)
  5 dream sheep (Lair:4)
  A vampire (D:9)
  4 wyverns
  Sigmund (D:3)
  2 wraiths (D:11)
  A fire bat (Gauntlet)
  18 yaks
  A steam dragon (D:6)
  2 vampire mosquitoes (D:10)
  12 water moccasins
  3 orc warriors
  2 sky beasts
  6 black bears
  3 centaurs
  4 ogres
  35 wolves
  10 bullfrogs
  2 kobold brigands
  A phantom (D:5)
  A gnoll sergeant (D:9)
  6 scorpions
  8 wights
  A killer bee (D:10)
  3 electric eels (D:7)
  A howler monkey (D:9)
  A hound (D:6)
  3 orc priests
  A jelly (D:5)
  A gnoll bouda (D:5)
  3 iguanas
  3 orc wizards
  13 gnolls
  6 adders
  2 shadow imps
  3 white imps
  An ufetubus (D:4)
  A worm (D:4)
  5 dart slugs
  16 orcs
  9 endoplasms
  4 giant cockroaches
  5 goblins
  6 hobgoblins
  2 quokkas (D:2)
  10 ball pythons
  7 bats
  4 frilled lizards (D:1)
  A goblin skeleton (D:7)
  A goblin zombie (D:7)
  3 hobgoblin zombies (D:7)
  9 kobolds
  2 kobold skeletons (D:7)
  4 kobold zombies (D:7)
  An orc skeleton (D:7)
  2 orc zombies (D:7)
  5 rats
312 creatures vanquished.

Vanquished Creatures (collateral kills)
  A hydra (D:14)
  An orb spider (Lair:2)
  A death drake (Gauntlet)
  A lindwurm (Lair:4)
  A cyclops (D:11)
  6 black mambas
  2 cane toads (Lair:5)
  An unseen horror (D:11)
  A rime drake (Lair:4)
  2 komodo dragons
  2 hornets (Lair:5)
  5 dream sheep (Lair:4)
  2 slime creatures (D:12)
  4 blink frogs (Lair:4)
  2 wraiths (D:11)
  A shadow (D:11)
  13 yaks
  A wyvern (D:9)
  2 fire bats (Gauntlet)
  2 basilisks
  An acid dragon (D:10)
  5 water moccasins
  11 wolves
  A centaur (D:10)
  A kobold brigand (D:10)
  2 bullfrogs
  A gnoll sergeant (D:10)
  2 killer bees (D:10)
  2 orc wizards
  A gnoll (D:10)
  5 orcs
  5 kobolds
88 creatures vanquished.

Vanquished Creatures (others)
  7 battlemagi
  4 ancestors (D:9)
  14 demonic plants (Gauntlet)
  16 fungi
  24 plants
65 creatures vanquished.

Grand Total: 465 creatures vanquished

Table legend:
 A = Non-vault XP
 B = Vault XP
 C = Vault XP percentage of total XP
 D = Non-vault monster count
 E = Vault monster count
 F = Vault count percentage of total count
                 A         B        C        D         E       F
            +---------+---------+-------+---------+---------+-------
      Total |   37589 |   22871 |  37.8 |     287 |     113 |  28.2
            +---------+---------+-------+---------+---------+-------
        D:1 |      37 |       3 |   7.5 |      25 |       2 |   7.4
        D:2 |      28 |       4 |  12.5 |      12 |       3 |  20.0
        D:3 |     114 |     468 |  80.4 |      18 |       2 |  10.0
        D:4 |     257 |       0 |   0.0 |      17 |       0 |   0.0
        D:5 |    1191 |       0 |   0.0 |      14 |       0 |   0.0
        D:6 |    1057 |       0 |   0.0 |      12 |       0 |   0.0
        D:7 |    1400 |     188 |  11.8 |      19 |      18 |  48.6
        D:8 |    2062 |       0 |   0.0 |      20 |       0 |   0.0
        D:9 |    3122 |    1973 |  38.7 |      24 |       2 |   7.7
       D:10 |    1961 |     796 |  28.9 |      23 |       1 |   4.2
       D:11 |    2479 |    1764 |  41.6 |      16 |       5 |  23.8
       D:12 |    2803 |       0 |   0.0 |       8 |       0 |   0.0
       D:14 |     874 |       0 |   0.0 |       1 |       0 |   0.0
     Lair:1 |    1616 |      90 |   5.3 |       9 |       1 |  10.0
     Lair:2 |    6271 |    3895 |  38.3 |      25 |      14 |  35.9
     Lair:3 |     338 |    1567 |  82.3 |       1 |       8 |  88.9
     Lair:4 |   10469 |    4605 |  30.5 |      38 |      34 |  47.2
     Lair:5 |    1510 |    4093 |  73.1 |       5 |      16 |  76.2
   Gauntlet |       0 |    3425 | 100.0 |       0 |       7 | 100.0
            +---------+---------+-------+---------+---------+-------

Illustrated notes

Table legend:
 A = Kills in this place as a percentage of kills in entire the game.
 B = Kills by you in this place as a percentage of kills by you in the entire game.
 C = Kills by friends in this place as a percentage of kills by friends in the entire game.
 D = Other kills in this place as a percentage of other kills in the entire game.
 E = Experience gained in this place as a percentage of experience gained in the entire game.
 F = Experience gained in this place divided by the number of levels of this place that you have seen.
                   A       B       C       D       E      F
               +-------+-------+-------+-------+-------+----------------------
         Total | 100.0 | 100.0 | 100.0 |   N/A | 100.0 | 2748.2
       Dungeon |  60.5 |  67.0 |  37.5 |   N/A |  37.3 | 1612.9
          Lair |  37.8 |  31.7 |  59.1 |   N/A |  57.0 | 6890.8
      Gauntlet |   1.8 |   1.3 |   3.4 |   N/A |   5.7 | 3425.0
               +-------+-------+-------+-------+-------+----------------------

Table legend: (Time is in decaauts)
 A = Elapsed time spent in this place.
 B = Non-inter-level travel time spent in this place.
 C = Inter-level travel time spent in this place.
 D = Time resting spent in this place.
 E = Time spent auto-exploring this place.
 F = Levels seen in this place.
 G = Mean time per level.
                   A        B        C        D        E       F      G
               +--------+--------+--------+--------+--------+-----+--------+
         Total |  19288 |  18354 |    934 |   1361 |  13376 |  22 |  876.7 |
       Dungeon |  13021 |  12346 |    675 |    953 |   9110 |  14 |  930.1 |
        Temple |    201 |    187 |     14 |      0 |    181 |   1 |  201.0 |
          Lair |   5299 |   5054 |    245 |     27 |   3895 |   5 | 1059.8 |
        Shoals |      1 |      1 |      0 |      0 |      0 |   1 |    1.0 |
      Gauntlet |    764 |    764 |      0 |    381 |    190 |   1 |  764.0 |
               +--------+--------+--------+--------+--------+-----+--------+

Top non-repeatable levels by time:
  Lair:2: 1657 daAuts
     D:7: 1493 daAuts
  Lair:4: 1423 daAuts
     D:5: 1417 daAuts
     D:9: 1369 daAuts
    D:10: 1231 daAuts
    D:11: 1152 daAuts
     D:8: 1075 daAuts
     D:3: 1055 daAuts
  Lair:3: 922 daAuts
     D:4: 880 daAuts
     D:6: 861 daAuts
     D:1: 834 daAuts
     D:2: 825 daAuts
Gauntlet: 764 daAuts
